Unix NetHack Version 5.0.0-0 post-release - last build Jun 10 2026 00:39:30 (3ee93aec679c4c4259841fe613dc97188e26a321,branch:main).

Game began 2026-06-22 05:03:03, ended 2026-06-22 05:26:44.

JohnDarcy, neutral male human Tourist

                                                        --------------
                                                        |............|
                        -----------                     |.>...S@.....|
                    ####....<.....-                    #.*...........|
                    #   |.........|                    #|............|
                    #   -----.-----                    #--------------
                    #        ##                        #
                    #         #                        #
                    #         #####                    #
         --------   #             #                    #
         |.......####             #                    #         ------- ---
         |......|   ######        #                    ##       ...........|
         |......|####    ---------.-----               #                  .|
         |......|#       |.............|               ##       ...........|
         |......|#       |.............|      ###      #         -----------
         |.......#       |..............################
         --------        |.............|     ###
                         |............`|
                         ---------------

JohnDarcy the Sightseer     St:8 Dx:10 Co:18 In:14 Wi:3 Ch:17  Neutral
Dlvl:7  $:611 HP:0(51) Pw:15(15) AC:8  Xp:5 T:2047  Hungry  

Latest messages:
 In what direction? 6
 You kill the newt!
 You see here an iron wand.
 I - an iron wand.
 What do you want to write with? [- alrACI or ?*] I
 You write in the dust with an iron wand.
 What do you want to write in the dust here? Elbereth
 What do you want to write with? [- alrACI or ?*] I
 Do you want to add to the current engraving? [ynq] (y) y
 You add to the writing in the dust with an iron wand.
 What do you want to add to the writing in the dust here? 
 The iron wand glows, then fades.
 You see here 19 gold pieces.
 $ - 19 gold pieces (611 in total).
 You are beginning to feel hungry.
 You stop searching.
 The snake bites!
 You miss the snake.
 The snake bites!
 What do you want to throw? [$alrC or ?*] a
 In what direction? 4
 The dart hits the snake.
 The snake bites!
 What do you want to throw? [$alrC or ?*] a
 In what direction? 4
 The dart hits the snake.
 The snake bites!
 The snake's bite was poisoned!
 The snake bites!
 What do you want to throw? [$alrC or ?*] a
 In what direction? 4
 The dart hits the snake!
 The snake bites!
 What do you want to throw? [$alrC or ?*] a
 In what direction? 4
 The dart misses the snake.
 The snake bites!
 What do you want to use or apply? [cksuI or ?*] c
 In what direction? 4
 The snake is blinded by the flash!
 The snake turns to flee.
 The snake bites!
 What do you want to throw? [$alrC or ?*] a
 In what direction? 4
 The dart misses the snake.
 The snake bites!
 The snake's bite was poisoned!
 You hear the howling of the CwnAnnwn...
 You die...
 Do you want your possessions identified? [ynq] (y) q

Inventory:
 Coins    ('$')
  $ - 611 gold pieces
 Weapons  (')')
  C - a +0 orcish bow
  a - 6 +2 darts (at the ready)
  l - a +0 dagger
  r - 2 +0 orcish daggers
 Armor    ('[')
  t - an uncursed +1 orcish helm (being worn)
  G - a cursed -1 orcish helm
  D - an uncursed +2 pair of iron shoes
  m - an uncursed very burnt +0 shield of drain resistance (being worn)
  i - an uncursed +0 Hawaiian shirt with a plumeria motif (being worn)
 Comestibles  ('%')
  b - an uncursed Pineapple
  j - 7 uncursed food rations
  d - an uncursed fortune cookie
  H - 2 uncursed tripe rations
  e - 5 uncursed eggs
 Scrolls  ('?')
  E - an uncursed scroll of confuse monster
  q - a cursed scroll of confuse monster
  x - an uncursed scroll of create monster
  g - 2 blessed scrolls of magic mapping
  h - an uncursed scroll of magic mapping
 Potions  ('!')
  f - an uncursed potion of extra healing
  z - 2 uncursed potions of healing
  F - 2 cursed potions of healing
  o - a cursed potion of restore ability
  n - an uncursed potion of speed
 Rings    ('=')
  A - an uncursed ring of cold resistance
 Wands    ('/')
  I - a wand of undead turning (0:5)
 Tools    ('(')
  u - an uncursed blindfold
  s - an uncursed brass lantern
  k - an uncursed credit card
  c - an expensive camera (0:27)

JohnDarcy the Tourist's attributes:

Background:
 You were a Sightseer, a level 5 male human Tourist.
 You were neutral, nominally on a mission for The Lady
 who was opposed by Blind Io (lawful) and Offler (chaotic).
 You were right-handed.
 You were in the Dungeons of Doom, on level 7.
 You entered the dungeon 2047 turns ago.
 It was nighttime.
 You had 198 experience points, 122 more were needed to attain level 6.

Basics:
 You had 0 out of 51 hit points.
 You had all 15 energy points (spell power).
 Your armor class was 8.
 Your wallet contained 611 zorkmids.
 Autopickup was off.

Final Characteristics:
 Your strength was 8 (limit:18/100).
 Your dexterity was 10 (limit:18).
 Your constitution was 18 (limit:18).
 Your intelligence was 14 (limit:18).
 Your wisdom was 3 (peak:8, limit:18).
 Your charisma was 17 (limit:18).

Final Status:
 You were hungry.
 You were unencumbered.
 You were bare handed.
 You were unskilled in bare handed combat.

Final Attributes:
 You were stridently aligned.
 You were level-drain resistant.
 You were telepathic.
 You are dead.

Miscellaneous:
 You didn't encounter any bones levels.
 Total elapsed playing time was 23 minutes and 37 seconds.

Major events:
 Turn
    1: JohnDarcy the neutral male human Tourist entered the dungeon
 1088: attained the rank of Sightseer (level 3)
 2047: killed by a snake

You didn't know any spells.

Skills:
 Fighting Skills
   bare handed combat [Unskilled]
   two weapon combat  [Unskilled]
   riding             [Unskilled]
 Weapon Skills
   dagger             [Unskilled]
   knife              [Unskilled]
   axe                [Unskilled]
   pick-axe           [Unskilled]
   short sword        [Unskilled]
   broadsword         [Unskilled]
   long sword         [Unskilled]
   two-handed sword   [Unskilled]
   saber              [Unskilled]
   mace               [Unskilled]
   morning star       [Unskilled]
   flail              [Unskilled]
   hammer             [Unskilled]
   quarterstaff       [Unskilled]
   polearms           [Unskilled]
   spear              [Unskilled]
   trident            [Unskilled]
   lance              [Unskilled]
   bow                [Unskilled]
   sling              [Unskilled]
   crossbow           [Unskilled]
   dart               [Basic]
   shuriken           [Unskilled]
   boomerang          [Unskilled]
   whip               [Unskilled]
   unicorn horn       [Unskilled]
 Spellcasting Skills
   divination spells  [Unskilled]
   enchantment spells [Unskilled]
   escape spells      [Unskilled]

Voluntary challenges:
 Character rerolling was not enabled.
 You were an atheist.
 You never hit with a wielded weapon.
 You never genocided any monsters.
 You never polymorphed an object.
 You never changed form.
 You used no wishes.
Achievements:
 You entered a shop.
 You attained the rank of Sightseer.

 The Dungeons of Doom: levels 1 to 7
    Level 1:
       A fountain.
    Level 2:
    Level 3:
       A general store.
    Level 4:
       A general store, many fountains.
    Level 5:
       A fountain.
    Level 6:
    Level 7: <- You were here.
       Final resting place for
          you, killed by a snake.


Vanquished creatures:
 an Uruk-hai
  a floating eye
  a kitten
  a giant bat
  a dwarf zombie
  a gas spore
  a hobbit
  a large kobold
  a hobgoblin
  a garter snake
  a gecko
  3 jackals
  a fox
  3 goblins
  a sewer rat
  7 grid bugs
  3 kobold zombies
  7 newts
36 creatures vanquished.

No species were genocided or became extinct.

Game over:
                       ----------
                      /          \
                     /    REST    \
                    /      IN      \
                   /     PEACE      \
                  /                  \
                  |    JohnDarcy     |
                  |      611 Au      |
                  |   killed by a    |
                  |      snake       |
                  |                  |
                  |                  |
                  |       2026       |
                 *|     *  *  *      | *
        _________)/\\_//(\/(/\)/\//\/|_)_______

Aloha JohnDarcy the Tourist...

You died in The Dungeons of Doom on dungeon level 7 with 1224 points,
and 611 pieces of gold, after 2047 moves.
You were level 5 with a maximum of 51 hit points when you died.

